 Dungeon Crawl Stone Soup version 0.31-a0-466-g98c9adc2b6 (webtiles) character file.

Game seed: 14866214206828334873

32379 bobarctor the Basher (level 13, -9/87 HPs)
             Began as a Demonspawn Venom Mage on Aug 4, 2023.
             Was a High Priest of Dithmenos.
             Succumbed to a swamp dragon's poison gas
             ... on level 4 of the Lair of Beasts on Aug 5, 2023.
             The game lasted 01:56:29 (18683 turns).

bobarctor the Basher (Demonspawn Venom Mage)       Turns: 18683, Time: 01:56:30

Health: -9/87      AC:  8    Str: 11    XL:     13   Next: 31%
Magic:  21/26      EV: 38    Int: 23    God:    Dithmenos [*****.]
Gold:   1669       SH:  0    Dex: 26    Spells: 3/30 levels left

rFire   . . .        L - +3 dire flail (freeze)
rCold   . . .        (shield currently unavailable)
rNeg    . . .        q - +3 robe of Lifelessness {Str+3 Dex+3}
rPois   .            w - +0 helmet
rElec   .            (no cloak)
rCorr   .            G - +0 pair of gloves
SInv    .            y - +0 pair of boots
Will    .....        Y - amulet of the acrobat Stlth *+++++++++
                     T - +6 ring of dexterity
HPRegen 0.34/turn    C - +5 ring of evasion
MPRegen 0.20/turn

%: acrobat
@: lethally poisoned (-9 -> -43), about to teleport, acrobatic, wreathed by
umbra
A: claws 1, thin skeletal structure 2, ignite blood 1, spiny 2, talons 1
a: Renounce Religion, Shadow Step, Shadow Form


You were on level 4 of the Lair of Beasts.
You worshipped Dithmenos.
Dithmenos was extremely pleased with you.
You visited 3 branches of the dungeon, and saw 16 of its levels.
You also visited: Ossuary and Bailey.

You collected 2017 gold pieces.
You spent 348 gold pieces at shops.

Inventory:

Hand Weapons
 k - the +1 falchion "Piepnibe" {flame, Will+ SInv}
   (You found it on level 1 of the Lair of Beasts)

   SInv:      It lets you see invisible.
   Will:      It increases your willpower.
 o - a +2 mace of protection
 F - a +2 antimagic spear
 L - a +3 dire flail of freezing (weapon)
 N - a +3 orcbow
Missiles
 f - 4 javelins
 i - 20 boomerangs (quivered)
 x - 2 throwing nets
 A - 8 datura-tipped darts
 K - 37 poisoned darts
Armour
 q - the +3 robe of Lifelessness (worn) {Str+3 Dex+3}
   (You found it on level 3 of the Lair of Beasts)

   Str:       It affects your strength (+3).
   Dex:       It affects your dexterity (+3).
 u - the -2 helmet "Mouvooh" {Drain rElec rF- Str+6 Dex+3}
   (You found it on level 4 of the Lair of Beasts)

   Str:       It affects your strength (+6).
   Dex:       It affects your dexterity (+3).
   rF:        It makes you vulnerable to fire.
   rElec:     It insulates you from electricity.
   Drain:     It drains your maximum health when unequipped.
 w - a +0 helmet (worn)
 y - a +0 pair of boots (worn)
 G - a +0 pair of gloves (worn)
 O - a +1 troll leather armour
Jewellery
 d - a ring of fire
 C - a +5 ring of evasion (right hand)
 I - a ring of flight
 T - a +6 ring of dexterity (left hand)
 Y - an amulet of the acrobat (around neck)
Wands
 l - a wand of mindburst (4)
 r - a wand of paralysis (45)
 s - a wand of acid (4)
 D - a wand of polymorph (2)
 H - a wand of flame (5)
 S - a wand of iceblast (16)
Scrolls
 c - a scroll of enchant armour
 e - 5 scrolls of identify
 g - a scroll of teleportation
 h - 2 scrolls of enchant weapon
 p - 2 scrolls of revelation
 E - 3 scrolls of fear
Potions
 b - a potion of magic
 j - 3 potions of heal wounds
 m - 3 potions of brilliance
 n - 8 potions of curing
 t - 5 potions of haste
 z - 2 potions of invisibility
 Q - a potion of resistance
 Z - a potion of might
Miscellaneous
 B - a phantom mirror


   Skills:
 + Level 3.6 Fighting
 + Level 9.6 Maces & Flails
 - Level 4.0 Armour
 + Level 7.0 Dodging
 + Level 8.7 Stealth
 * Level 9.1 Spellcasting
 + Level 2.5 Conjurations
 + Level 0.6 Summonings
 * Level 6.6 Translocations
 + Level 2.0 Transmutations
 + Level 4.2 Air Magic
 + Level 7.2 Poison Magic
 * Level 8.3 Invocations


You had 3 spell levels left.
You knew the following spells:

 Your Spells              Type           Power      Damage    Failure   Level
a - Sting                 Tmut/Pois      100%       1d8       1%          1
b - Poisonous Vapours     Pois/Air       72%        N/A       1%          2
c - Mephitic Cloud        Conj/Pois/Air  32%        N/A       2%          3
d - Olgreb's Toxic Radia  Pois           43%        N/A       3%          4
e - Teleport Other        Tloc           41%        N/A       1%          3
f - Passage of Golubria   Tloc           41%        N/A       4%          4
g - Iskenderun's Mystic   Conj/Tloc      31%        2d8       10%         4
h - Swiftness             Air            30%        N/A       3%          3
i - Summon Guardian Gole  Hex/Summ       12%        N/A       16%         3

Your spell library contained the following spells:

 Spells                   Type           Power      Damage    Failure   Level
 Gell's Gravitas          Tloc           41%        N/A       1%          3
 Summon Small Mammal      Summ           52%        N/A       4%          1
 Portal Projectile        Hex/Tloc       50%        N/A       4%          3
 Passwall                 Tmut/Erth      12%        N/A       6%          2
 Ensorcelled Hibernation  Hex/Ice        20%        N/A       10%         2
 Call Canine Familiar     Summ           13%        N/A       14%         3
 Inner Flame              Hex/Fire       10%        N/A       19%         3
 Tukima's Dance           Hex            10%        N/A       19%         3
 Flame Wave               Conj/Fire      16%        2d7       36%         4
 Sticky Flame             Conj/Fire      16%        2d4       36%         4
 Summon Forest            Summ/Tloc      13%        N/A       36%         5
 Animate Dead             Necr           10%        N/A       52%         4
 Dispersal                Tloc           20%        N/A       52%         6
 Yara's Violent Unravell  Hex/Tmut       7%         3d5       75%         5
 Eringya's Noxious Bog    Tmut/Pois      15%        4d6       82%         6
 Haunt                    Necr/Summ      6%         N/A       100%        7
 Summon Hydra             Summ           6%         N/A       100%        7
 Infestation              Necr           5%         N/A       100%        8


Dungeon Overview and Level Annotations

Branches:
Dungeon (11/15)            Temple (1/1) D:4            Lair (4/5) D:10
  Swamp (0/4) Lair:3       Spider (0/4) Lair:2      Ossuary (visited)
 Bailey (visited)
  Slime: Lair:4-5       Orc: D:9-12

Altars:
Ashenzari
Cheibriados
Dithmenos
Fedhas
Gozag
Hepliaklqana
Kikubaaqudgha
Makhleb
Nemelex Xobeh
Okawaru
Qazlal
Ru
Sif Muna
Trog
Uskayaw
Vehumet
Wu Jian
Xom
Yredelemnul

Shops:
D:1 ?

Annotations:
D:9 3 runed translucent doors, cforsyth's ghost, journeyman GnAr; coffeetime's ghost, journeyman TrSh


Innate Abilities, Weirdness & Mutations

You have sharp fingernails.
You have a moderately thin skeletal structure. (Dex +4, Stealth++)
Your demonic aura sometimes causes spilled blood to erupt in flames.
You are mostly covered in sharp spines.
You have sharp toenails.


Message History

The swamp dragon completely misses you.
Casting: Mephitic Cloud (mildly dangerous; 2% risk of failure)
Confirm with . or Enter, or press ? or * to list all spells.
Aiming: Teleport Other (safe; 1% risk of failure)
Press: ? - help, Shift-Dir - straight line, f - swamp dragon
Aim: a swamp dragon (umbra, chance to affect: 60%)
The swamp dragon resists with significant effort.
Your shadow mimics your spell!
The swamp dragon easily resists.
You feel sick.
The swamp dragon is struck by your spines.
The swamp dragon closely misses you.
The swamp dragon claws you but does no damage.
The swamp dragon barely misses you.
You feel sick.
The swamp dragon attacks as you move away!
The swamp dragon is struck by your spines.
The swamp dragon completely misses you. x3
You start to feel a little faster.
You feel sick.
The swamp dragon breathes poison at you.
The blast of poison misses you.
You are engulfed in poison gas.
You are more poisoned.
You feel extremely sick.
The swamp dragon attacks as you move away!
The swamp dragon is struck by your spines.
The swamp dragon misses you. x2; The swamp dragon completely misses you.
You feel very sick. The swamp dragon closely misses you. x2
The swamp dragon completely misses you.
As you read the scroll of teleportation, it crumbles to dust.
You feel strangely unstable.
You feel sick.
The swamp dragon breathes poison at you.
The blast of poison engulfs you!
You are more poisoned.
* * * LOW HITPOINT WARNING * * *
You are engulfed in poison gas.
You are more poisoned.
You no longer feel sluggish.
You die...

............○....#
........#...######
...........D###.#####
....................#
.............°.°....#
..............°.....#
..............○D☼☼§.#
...............§§☼..##
...............☼@§...#
.....................#
.....................#
.......^............##
....................#
.................####
..................#
.................##
.................#


You could see an eight-headed hydra and a swamp dragon.

Vanquished Creatures
  2 two-headed ogres (D:11)
  A skyshark (Lair:4)
  A bog body (Lair:3)
  2 oklob plants (Lair:1)
  An orc knight (D:11)
  2 black mambas
  3 elephants (Lair:3)
  12 cane toads
  2 rime drakes
  An unseen horror zombie (D:9)
  7 komodo dragons
  3 trolls
  24 blink frogs
  A tyrant leech (Lair:4)
  A hornet (Lair:2)
  A wraith (D:10)
  A shadow (D:9)
  28 yaks
  A spriggan (Lair:2)
  9 wyverns
  2 basilisks
  2 fire bats (Lair:4)
  2 steam dragons
  2 acid dragons (D:11)
  4 swamp worms (Lair:4)
  9 water moccasins
  A sky beast (D:6)
  11 orc warriors
  6 black bears (Lair:1)
  An ogre (D:4)
  2 ice beasts
  10 wolves
  7 centaurs
  A phantom (D:5)
  8 kobold brigands
  An elf zombie (Ossuary)
  8 bullfrogs
  3 gnoll sergeants
  7 scorpions
  4 wights (D:10)
  11 killer bees
  2 electric eels
  7 howler monkeys
  12 hounds
  A centaur zombie (Ossuary)
  A human zombie (Ossuary)
  3 jellies
  6 orc priests
  A sleepcap (D:5)
  4 iguanas (D:5)
  A gnoll bouda (D:7)
  7 orc wizards
  A howler monkey zombie (D:9)
  A mummy (Ossuary)
  Robin (D:3)
  10 adders
  15 gnolls
  A shadow imp (D:7)
  3 ufetubi
  An adder zombie (Ossuary)
  4 worms
  3 dart slugs
  29 orcs
  3 endoplasms
  9 giant cockroaches
  23 goblins
  12 hobgoblins
  2 jackals (D:1)
  16 kobolds
  3 quokkas
  7 ball pythons
  6 bats
  3 frilled lizards
  A goblin zombie (Ossuary)
  10 hobgoblin zombies (Ossuary)
  4 jackal zombies (Ossuary)
  8 kobold zombies (Ossuary)
  8 orc zombies (Ossuary)
  7 rats
  2 rat zombies (Ossuary)
  A spectral hobgoblin (D:7)
  A butterfly (Lair:3)
445 creatures vanquished.

Vanquished Creatures (collateral kills)
  A hobgoblin (D:3)
1 creature vanquished.

Vanquished Creatures (others)
  A kobold (D:9)
1 creature vanquished.

Grand Total: 447 creatures vanquished

Notes
Turn   | Place    | Note
-------+----------+-------------------------------------------
     0 | D:1      | bobarctor the Demonspawn Venom Mage began the quest for the
                  | Orb.
     0 | D:1      | Reached XP level 1. HP: 13/13 MP: 3/3
   268 | D:1      | Gained mutation: You are partially covered in sharp spines.
                  | [demonic ancestry]
   268 | D:1      | Reached XP level 2. HP: 19/19 MP: 0/5
   504 | D:1      | Found The Oracle's Delphic Readings.
   618 | D:1      | Reached skill level 1 in Transmutations
   868 | D:1      | Learned a level 2 spell: Poisonous Vapours
   877 | D:1      | Reached XP level 3. HP: 22/24 MP: 6/6
  1562 | D:2      | Learned a level 3 spell: Mephitic Cloud
  1802 | D:3      | Gained mutation: You have a somewhat thin skeletal
                  | structure. (Dex +2, Stealth+) [demonic ancestry]
  1802 | D:3      | Reached XP level 4. HP: 30/30 MP: 1/8
  2038 | D:3      | Noticed Robin
  2153 | D:3      | Gained mutation: You are mostly covered in sharp spines.
                  | [demonic ancestry]
  2153 | D:3      | Reached XP level 5. HP: 15/35 MP: 6/10
  2241 | D:3      | Killed Robin
  2407 | D:3      | Found a stormy altar of Qazlal.
  2409 | D:3      | Found a broken altar of Ashenzari.
  2796 | D:4      | Identified a scroll of acquirement
  2796 | D:4      | Acquired 685 gold pieces
  2827 | D:4      | Reached XP level 6. HP: 39/41 MP: 12/12
  2829 | D:4      | Reached skill level 1 in Air Magic
  2893 | D:4      | Found a sand-covered staircase.
  2906 | Ossuary  | Entered an ossuary
  3208 | Ossuary  | Reached skill level 1 in Maces & Flails
  3433 | D:4      | Found a staircase to the Ecumenical Temple.
  3448 | Temple   | Entered the Ecumenical Temple
  3489 | Temple   | Became a worshipper of Dithmenos the Shadowed
  3554 | D:4      | Learned a level 4 spell: Olgreb's Toxic Radiance
  3724 | D:4      | Reached XP level 7. HP: 46/46 MP: 13/13
  3836 | D:5      | Entered Level 5 of the Dungeon
  4386 | D:5      | Reached XP level 8. HP: 52/52 MP: 15/15
  4516 | D:5      | Reached * piety under Dithmenos
  4634 | D:5      | Found an opulent altar of Gozag.
  4665 | D:5      | You fall into a shaft and drop 3 floors!
  4687 | D:8      | Reached skill level 5 in Spellcasting
  5115 | D:8      | Found a sparkling altar of Nemelex Xobeh.
  5169 | D:8      | Reached skill level 5 in Stealth
  5214 | D:8      | Gained mutation: Your demonic aura sometimes causes spilled
                  | blood to erupt in flames. [demonic ancestry]
  5214 | D:8      | Reached XP level 9. HP: 55/57 MP: 17/17
  5258 | D:8      | Reached skill level 5 in Maces & Flails
  5258 | D:8      | Reached skill level 1 in Conjurations
  5550 | D:8      | Reached skill level 5 in Dodging
  5866 | D:8      | Found a shimmering blue altar of Sif Muna.
  6561 | D:9      | Found a runed translucent gate.
  6561 | D:9      | Found a runed translucent gate.
  6561 | D:9      | Found a runed translucent gate.
  6561 | D:9      | Noticed cforsyth's ghost (journeyman GnAr)
  6563 | D:9      | Found a basalt altar of Yredelemnul.
  6572 | D:9      | Reached skill level 5 in Poison Magic
  6764 | D:9      | Noticed a troll
  6765 | D:9      | Upgraded the game from 0.31-a0-460-g9e667d4245 to
                  | 0.31-a0-466-g98c9adc2b6
  6776 | D:9      | Learned a level 3 spell: Teleport Other
  6796 | D:9      | Killed a troll
  6796 | D:9      | Reached ** piety under Dithmenos
  6935 | D:9      | Gained mutation: You sometimes lose your temper in combat.
                  | [potion of mutation]
  7073 | D:9      | Found a runed translucent gate.
  7073 | D:9      | Found a runed translucent gate.
  7073 | D:9      | Found a runed translucent gate.
  7073 | D:9      | Noticed a spectral centaur warrior
  7074 | D:9      | Noticed a spectral centaur warrior
  7085 | D:9      | Noticed coffeetime's ghost (journeyman TrSh)
  7085 | D:9      | Noticed a spectral centaur warrior
  7255 | D:9      | Reached skill level 1 in Translocations
  7255 | D:9      | Gained mutation: You have a moderately thin skeletal
                  | structure. (Dex +4, Stealth++) [demonic ancestry]
  7255 | D:9      | Reached XP level 10. HP: 63/63 MP: 13/19
  7382 | D:10     | Entered Level 10 of the Dungeon
  7471 | D:10     | Found a staircase to the Lair.
  7694 | D:10     | Learned a level 4 spell: Passage of Golubria
  7764 | D:10     | Reached skill level 1 in Armour
  8355 | D:10     | Reached skill level 1 in Fighting
  8672 | Lair:1   | Entered Level 1 of the Lair of Beasts
  8693 | Lair:1   | Identified the +1 falchion "Piepnibe" {flame, Will+ SInv}
  8784 | Lair:1   | Reached skill level 1 in Invocations
  8784 | Lair:1   | Noticed a cane toad
  8797 | Lair:1   | Killed a cane toad
  9009 | D:7      | Found a shimmering altar of Xom.
  9013 | D:7      | Found a shimmering altar of Xom.
  9013 | D:7      | Found a shimmering altar of Xom.
  9014 | D:7      | Found a shimmering altar of Xom.
  9022 | D:7      | Found a shimmering altar of Xom.
  9023 | D:7      | Found a shimmering altar of Xom.
  9023 | D:7      | Found a shimmering altar of Xom.
  9045 | D:7      | Reached *** piety under Dithmenos
  9175 | D:7      | Found a flagged portal.
  9183 | Bailey   | Entered a bailey
  9193 | Bailey   | Learned a level 3 spell: Tukima's Dance
  9264 | Bailey   | Identified the +7 quarterstaff of Devotion {flame, rC-
                  | Will++}
  9358 | Bailey   | Reached XP level 11. HP: 70/70 MP: 7/22
  9484 | Bailey   | Found a bloodstained altar of Trog.
  9808 | D:7      | Found a hazy altar of Hepliaklqana.
  9955 | D:6      | Reached **** piety under Dithmenos
 10089 | D:5      | Noticed a +0 falchion
 10089 | D:5      | Noticed a +0 short sword
 10089 | D:5      | Noticed a +0 dagger
 10089 | D:5      | Noticed a +0 short sword
 10089 | D:5      | Noticed a +0 spear
 10089 | D:5      | Noticed a +0 dagger
 10091 | D:5      | Noticed a +0 spear
 10092 | D:5      | Noticed a +0 falchion
 10110 | D:5      | Found a hide-covered altar of Uskayaw.
 10817 | D:1      | Bought a book of Burglary for 240 gold pieces
 10817 | D:1      | Bought a scroll of teleportation for 36 gold pieces
 10817 | D:1      | Bought a scroll of identify for 24 gold pieces
 10817 | D:1      | Bought a scroll of fear for 48 gold pieces
 11049 | D:6      | Found a sacrificial altar of Ru.
 11055 | D:6      | Learned a level 3 spell: Swiftness
 11896 | D:11     | Noticed an orc knight
 11938 | D:11     | Killed an orc knight
 12072 | D:11     | Noticed a two-headed ogre
 12081 | D:11     | Killed a two-headed ogre
 12505 | D:11     | Noticed a two-headed ogre
 12515 | D:11     | Killed a two-headed ogre
 12858 | Lair:1   | HP: 2/72 [poisoned by a cane toad]
 12992 | Lair:1   | Reached skill level 5 in Translocations
 13205 | Lair:1   | Reached XP level 12. HP: 78/78 MP: 24/24
 13214 | Lair:1   | Reached ***** piety under Dithmenos
 13380 | Lair:1   | Reached skill level 5 in Invocations
 13821 | Lair:1   | Learned a level 4 spell: Iskenderun's Mystic Blast
 15179 | Lair:2   | Lost mutation: You sometimes lose your temper in combat.
                  | [potion of mutation]
 15179 | Lair:2   | Gained mutation: You have sharp toenails. [potion of
                  | mutation]
 15264 | Lair:2   | Found a hole to the Spider Nest.
 15858 | Lair:3   | Found a staircase to the Swamp.
 15864 | Lair:3   | Learned a level 3 spell: Summon Guardian Golem
 16009 | Lair:3   | Identified the +3 robe of Lifelessness {Str+3 Dex+3}
 16257 | Lair:3   | Gained mutation: You have sharp fingernails. [demonic
                  | ancestry]
 16257 | Lair:3   | Reached XP level 13. HP: 80/86 MP: 25/25
 17737 | Lair:4   | Identified the -2 helmet "Mouvooh" {Drain rElec rF- Str+6
                  | Dex+3}
 18682 | Lair:4   | HP: 1/87 [swamp dragon/blast of poison (13)]
 18683 | Lair:4   | Succumbed to a swamp dragon's poison gas

Illustrated notes

Levels and vault maps discovered:
D:1:      dpeg_arrival_prison, layout_basic, nicolae_nh_oracle_at_delphi
D:2:      layout_rooms
D:3:      layout_rooms, minitemple, uniq_robin
D:4:      layout_rooms, minmay_temple_entry_junction, enter_ossuary_3,
          hangedman_decor_growths, hangedman_decor_lopped
D:5:      corexii_shack_village, layout_layer_cave, nicolae_gozag_seed_capital,
          nicolae_uskayaw_en_pointe, hangedman_glass_garden, chequers_garden,
          grunt_ministairs_8
D:6:      layout_basic, mainiacjoe_overflow_boulevard
D:7:      layout_cave_pools, nicolae_hepliaklqana_monster_ancestors,
          xom_redecorated, enter_bailey_3, minivault_1
D:8:      layout_basic, nemelex_diamond_rough_becter,
          nicolae_overflow_crystal_walls, minmay_checkerbox
D:9:      layout_roguey, nicolae_yredelemnul_ghost_church,
          gammafunk_ghost_necromancy
D:10:     layout_grid_maze, erik_lair_island,
          nicolae_concentric_dashed_squares_wild
D:11:     layout_stronghold
Temple:   nicolae_temple_godzebo
Lair:1:   minmay_lair_oklob_chamber, layout_cave_pods, beast_lair_carwin_10,
          serial_bayou_shore_a, lemuel_fruit_tree
Lair:2:   layout_cave_pods, nicolae_spider_entry_non_spiders,
          grunt_forest_large_clearings
Lair:3:   layout_cave_pods, skrybe_swamp_entry_bodies, lemuel_fruit_fields
Lair:4:   onia_ninara_swampy_vault, layout_gridlike, st_stairs_7

Skill      XL: |  1  2  3  4  5  6  7  8  9 10 11 12 13 |
---------------+----------------------------------------+-----
Transmutations | 1 2 |  2.0
Stealth        | 2 3 5 7 8 |  8.7
Spellcasting   | 3 4 5 6 7 8 9 |  9.1
Dodging        | 2 3 4 5 6 7 |  7.0
Poison Magic   | 4 5 6 7 |  7.2
Air Magic      | 1 2 3 4 |  4.2
Maces & Flails | 2 4 5 6 7 9 |  9.6
Conjurations   | 1 2 |  2.5
Translocations | 1 3 5 6 |  6.6
Armour         | 2 4 |  4.0
Fighting       | 1 2 3 |  3.6
Invocations    | 2 4 7 8 |  8.3
Summonings     | |  0.6

Action                     |  1- 3 |  4- 6 |  7- 9 | 10-12 | 13-15 || total
---------------------------+-------+-------+-------+-------+-------++-------
  Melee: Dagger            |    49 |    80 |   100 |       |       ||   229
         Punch             |       |     4 |     4 |     7 |       ||    15
         Mace              |       |    78 |   130 |   420 |       ||   628
         Dire flail        |       |       |       |   172 |   111 ||   283
  Throw: Stone             |       |       |       |    14 |       ||    14
         Boomerang         |       |       |       |    14 |     2 ||    16
   Cast: Sting             |    29 |     4 |     1 |     4 |     1 ||    39
         Poisonous Vapours |     4 |     5 |     9 |    58 |    14 ||    90
         Mephitic Cloud    |     1 |     5 |    14 |    34 |     5 ||    59
         Teleport Other    |       |       |       |     1 |     6 ||     7
         Summon Guardian G |       |       |       |     1 |     5 ||     6
         Swiftness         |       |       |       |     1 |     1 ||     2
         Iskenderun's Myst |       |       |       |     1 |       ||     1
         Olgreb's Toxic Ra |       |       |       |       |     1 ||     1
 Invoke: Shadow Step       |       |       |       |     1 |       ||     1
    Use: Scroll            |       |    10 |     6 |    15 |     3 ||    34
         Potion            |       |       |     1 |     6 |       ||     7
   Stab: Sleeping          |     1 |     3 |     5 |    16 |       ||    25
         Distracted        |       |     1 |     1 |     1 |       ||     3
         Confused          |       |       |    10 |    23 |     4 ||    37
 Armour: Robe              |    11 |     5 |    12 |     2 |    13 ||    43
         Animal skin       |       |    38 |    54 |       |       ||    92
         Troll leather arm |       |       |     6 |    91 |       ||    97
  Dodge: Dodged            |    38 |    82 |   153 |   516 |   150 ||   939

Table legend: (Time is in decaauts)
 A = Elapsed time spent in this place.
 B = Non-inter-level travel time spent in this place.
 C = Inter-level travel time spent in this place.
 D = Time resting spent in this place.
 E = Time spent auto-exploring this place.
 F = Levels seen in this place.
 G = Mean time per level.
                   A        B        C        D        E       F      G
               +--------+--------+--------+--------+--------+-----+--------+
         Total |  18944 |  17776 |   1168 |   3060 |   9158 |  18 | 1052.4 |
       Dungeon |  11814 |  11063 |    751 |   1503 |   6344 |  11 | 1074.0 |
        Temple |     77 |     62 |     15 |      0 |      0 |   1 |   77.0 |
          Lair |   6159 |   5757 |    402 |   1460 |   2643 |   4 | 1539.8 |
       Ossuary |    517 |    517 |      0 |      2 |     95 |   1 |  517.0 |
        Bailey |    375 |    375 |      0 |     94 |     76 |   1 |  375.0 |
               +--------+--------+--------+--------+--------+-----+--------+

Top non-repeatable levels by time:
  Lair:1: 2124 daAuts
     D:8: 1823 daAuts
  Lair:2: 1586 daAuts
     D:5: 1450 daAuts
     D:1: 1380 daAuts
    D:10: 1377 daAuts
  Lair:3: 1299 daAuts
     D:9: 1263 daAuts
  Lair:4: 1149 daAuts
    D:11: 930 daAuts
     D:3: 814 daAuts
     D:6: 761 daAuts
     D:2: 702 daAuts
     D:4: 688 daAuts
     D:7: 623 daAuts
